 Dungeon Crawl Stone Soup version 0.28.0-53-g5a82cb258f (webtiles) character file.

Game seed: 3806771966540956699

3520 mortz the Destroyer (level 9, -5/66 HPs)
             Began as a Demigod Conjurer on June 5, 2022.
             Slain by an orc knight
             ... wielding a +0 war axe
              (15 damage)
             ... in a bailey on June 6, 2022.
             The game lasted 01:00:28 (10051 turns).

mortz the Destroyer (Demigod Conjurer)             Turns: 10051, Time: 01:00:29

Health: -5/66      AC: 13    Str: 12    XL:     9   Next: 52%
Magic:  7/22       EV: 12    Int: 34    God:
Gold:   426        SH:  0    Dex: 12    Spells: 14/21 levels left

rFire   . . .      SeeInvis .   l - +3 hand axe {axe}
rCold   . . .      Faith    .   (no shield)
rNeg    . . .      Spirit   .   a - +0 steam dragon scales
rPois   .          Reflect  .   s - +2 helmet
rElec   .          Harm     .   d - +2 cloak
rCorr   .          Rampage  +   J - +0 pair of gloves "Xuok" {Rampage}
Will    .....                   (no boots)
Stlth   ++........              (no amulet)
HPRegen 0.21/turn               R - +6 ring of intelligence
MPRegen 0.18/turn               D - ring of wizardry

@: no status effects
A: high MP 1, forlorn, divine attributes
a: no special abilities


You were in a bailey.
You visited 1 branch of the dungeon, and saw 7 of its levels.
You also visited: Ossuary and Bailey.

You collected 426 gold pieces.


Innate Abilities, Weirdness & Mutations

You have an increased reservoir of magic. (+10% MP)
You shall have no god before yourself.
Your divine heritage dramatically boosts your attributes as you level up.


   Skills:
 + Level 1.6 Fighting
 + Level 1.1 Short Blades
 * Level 4.6 Armour
 + Level 3.2 Dodging
 + Level 4.3 Stealth
 + Level 6.6 Spellcasting
 + Level 8.0 Conjurations
 * Level 3.5 Translocations


You had 14 spell levels left.
You knew the following spells:

 Your Spells              Type           Power      Damage    Failure   Level
a - Magic Dart            Conj           100%       1d8       1%          1
b - Searing Ray           Conj           100%       2d8       1%          2
c - Iskenderun's Mystic   Conj/Tloc      50%        2d11      1%          4

Your spell library contained the following spells:

 Spells                   Type           Power      Damage    Failure   Level
 Dazzling Flash           Conj/Hex       76%        N/A       1%          3
 Gell's Gravitas          Tloc           35%        N/A       1%          3
 Lesser Beckoning         Tloc           35%        N/A       1%          3
 Teleport Other           Tloc           35%        N/A       1%          3
 Portal Projectile        Hex/Tloc       46%        N/A       2%          3
 Fulminant Prism          Conj/Hex       19%        3d11      2%          4
 Call Canine Familiar     Summ           11%        N/A       4%          3
 Leda's Liquefaction      Hex/Erth       5%         N/A       16%         4

Inventory:

Hand Weapons
 f - a +0 morningstar {mace}
   (You took it off an orc priest on level 4 of the Dungeon)
 l - a +3 hand axe (weapon) {axe}
   (You took it off a hobgoblin in a bailey)
 p - a +0 dagger of freezing {short}
   (You took it off a kobold on level 3 of the Dungeon)
 q - a +0 long sword {long}
   (You found it on level 3 of the Dungeon)
 y - a +0 dagger of venom {short}
   (You took it off an orc on level 4 of the Dungeon)
 E - a +1 mace of protection {mace}
   (You took it off an orc on level 4 of the Dungeon)
 F - a +2 whip of electrocution {mace}
   (You took it off Pikel on level 4 of the Dungeon)
 H - a +0 hand axe of flaming {axe}
   (You took it off an orc on level 5 of the Dungeon)
 N - a +0 short sword of holy wrath {short}
   (You took it off an orc priest on level 6 of the Dungeon)
Armour
 a - +0 steam dragon scales (worn)
   (You found it on level 7 of the Dungeon)
 d - a +2 cloak (worn)
   (You found it on level 7 of the Dungeon)
 s - a +2 helmet (worn)
   (You took it off Robin on level 4 of the Dungeon)
 C - a +0 scale mail
   (You took it off an orc on level 4 of the Dungeon)
 J - the +0 pair of gloves "Xuok" (worn) {Rampage}
   (You found it on level 6 of the Dungeon)

   Rampage:   It bestows one free step when moving towards enemies.
 S - a +3 ring mail of fire resistance
   (You took it off Duvessa on level 7 of the Dungeon)
Magical Staves
 j - a staff of death {!astaff}
   (You found it on level 1 of the Dungeon)
Jewellery
 e - a ring of ice
   (You found it on level 1 of the Dungeon)
 o - a +6 ring of dexterity
   (You found it on level 2 of the Dungeon)
 D - a ring of wizardry (right hand)
   (You found it on level 5 of the Dungeon)
 I - a +4 ring of evasion
   (You found it on level 5 of the Dungeon)
 R - a +6 ring of intelligence (left hand)
   (You took it off an orc on level 6 of the Dungeon)
Wands
 K - a wand of iceblast (8)
   (You found it on level 6 of the Dungeon)
 P - a wand of flame (15)
   (You found it on level 6 of the Dungeon)
Scrolls
 g - a scroll of torment {unknown}
 h - a scroll of fog
 i - 5 scrolls of fear
 k - a scroll of amnesia {unknown}
 m - 3 scrolls of blinking {!r}
 r - 3 scrolls of teleportation {unknown}
 t - a scroll of immolation {unknown}
 G - a scroll of magic mapping {unknown}
 L - a scroll of brand weapon {unknown}
 M - a scroll of enchant weapon {unknown}
 O - a scroll of noise {unknown}
Potions
 b - a potion of curing {@q1}
 u - a potion of invisibility {unknown}
 v - a potion of attraction {unknown}
 w - a potion of lignification {unknown}
 z - 3 potions of resistance
 A - 3 potions of flight
 B - 3 potions of mutation {!q}
 T - a potion of haste {unknown}

Dungeon Overview and Level Annotations

Branches:
Dungeon (7/15)             Temple (0/1) D:6         Ossuary (visited)
 Bailey (1/1)

Shops:
D:4 *

Annotations:
D:3 Grinder
D:5 3 runed translucent doors, Zeld's ghost, novice GrCj

+..4.....∩.......
###).######.######
#..4.#[[.#...#
#..).#[[.#...#
#+#4##+###8o8# ##+#
#..# #...# #..#
#.o# #848# #..#
#o)# #...# #).#
#.@# #...# #..#
#.[# ##'## #))#
##)# .)) #)## #))#
.._.. #.)# #.8#
....... #8.# #..#
......... #..#
#.8#############8.#
#.....#######.....#
#.8)..#.....#...8.#


You could see an orc knight, an orc high priest (strong), a chaos spawn
(summoned) and a red devil (summoned).


Message History

You kill the orc warrior!
The mystic blast hits the orc knight!
The orc knight is knocked back by the mystic blast.
The orc knight collides with the orc!
You kill the orc! 😕 HP[+2] MP[-2]
You now have 66 max hp (+2).
You regained 2 hp, and now have 65/66 hp.
You lost 2 mp, and now have 6/22 mp.
Aiming: Iceblast
Press: ? - help, Q - select action, (/) - cycle Shift-Dir - straight line, f/p - orc high priest
Aim: an orc high priest, wielding a +0 broad axe and wearing a +0 scale mail (heavily wounded, strong)
The mass of ice explodes!
The iceblast engulfs the orc high priest.
Casting: Iskenderun's Mystic Blast (dangerous; 1% risk of failure)
Confirm with . or Enter, or press ? or * to list all spells.
You feel a surge of power!
You erupt in a blast of force!
The mystic blast hits the orc high priest!
The orc high priest is knocked back by the mystic blast.
The mystic blast hits the orc knight but does no damage.
The orc knight hits you with a +0 war axe! 😕 HP[-7] MP[-2]
You take 7 damage, and now have 58/66 hp.
You lost 2 mp, and now have 4/22 mp.
Casting: Iskenderun's Mystic Blast (dangerous; 1% risk of failure)
Confirm with . or Enter, or press ? or * to list all spells.
You feel a surge of power!
You erupt in a blast of force!
The mystic blast hits the orc knight but does no damage.
The orc knight hits you with a +0 war axe! 😕 HP[-8] MP[-2]
You take 8 damage, and now have 50/66 hp.
You lost 2 mp, and now have 2/22 mp.
Aiming: Throw Flame
Press: ? - help, Q - select action, (/) - cycle Shift-Dir - straight line, f/p - orc high priest
Aim: an orc high priest, wielding a +0 broad axe and wearing a +0 scale mail (severely wounded, strong, 64% to hit)
The puff of flame hits the orc knight but does no damage.
The orc knight closely misses you. 😕 HP[+1] MP[+1]
Aiming: Throw Flame
Press: ? - help, Q - select action, (/) - cycle Shift-Dir - straight line, f/p - orc high priest
Aim: an orc high priest, wielding a +0 broad axe and wearing a +0 scale mail (severely wounded, strong, 64% to hit)
The puff of flame hits the orc knight.
The orc high priest mumbles some strange prayers to Beogh.
The orc high priest starts to sing a prayer.
The orc knight hits you with a +0 war axe!!
* * * LOW HITPOINT WARNING * * *
😨 HP[-25]
You take 25 damage, and now have 26/66 hp.
MASSIVE DAMAGE!! (PAUSE) 😨 HP[+1]
The orc high priest mumbles some strange prayers to Beogh. 😨 MP[+1]
The rust devil disappears in a puff of smoke!
The orc high priest no longer looks unusually strong.
The orc knight roars a battlecry!
The orc high priest goes into a battle-frenzy! 😨 HP[+1]
You feel a little less clever now. 😨 MP[+1] 😨 HP[+1] 😨 MP[+1]
Things that are here:
a +0 war axe {axe}; a +0 leather armour; an orc corpse
There is an open door, spattered with blood here.
Things that are here:
a +0 war axe {axe}; a +0 scale mail 😨 HP[+1]
Okay, then.
Aiming: Iceblast
Press: ? - help, Q - select action, (/) - cycle Shift-Dir - straight line, f/p - orc high priest
Aim: an orc high priest, wielding a +0 broad axe and wearing a +0 scale mail (heavily wounded, strong)
The mass of ice explodes!
The iceblast engulfs the orc knight.
The iceblast engulfs the orc high priest!
You hear a shout!
The orc high priest no longer looks unusually strong.
Aiming: Iceblast
Press: ? - help, Q - select action, (/) - cycle Shift-Dir - straight line, f/p - orc high priest
Aim: an orc high priest, wielding a +0 broad axe and wearing a +0 scale mail (severely wounded)
The mass of ice explodes!
The iceblast engulfs the orc knight!
The iceblast engulfs the orc high priest!
The orc high priest mumbles some strange prayers to Beogh against you.
Beogh smites you!
* * * LOW HITPOINT WARNING * * *
😱 HP[-16]
You take 16 damage, and now have 14/66 hp.
MASSIVE DAMAGE!! (PAUSE)
The orc knight roars a battlecry!
The orc high priest goes into a battle-frenzy! 😱 MP[+1]
The smoke demon gestures at you. Beogh smites you!
* * * LOW HITPOINT WARNING * * *
Items here: )) [[. 😱 HP[-11]
You take 11 damage, and now have 3/66 hp.
You feel better. 😱 HP[+7]
You regained 7 hp, and now have 10/66 hp.
The orc knight hits you with a +0 war axe!
You die...

Skill      XL: |  1  2  3  4  5  6  7  8  9 |
---------------+----------------------------+-----
Stealth        | 2 3 4 |  4.3
Conjurations   | 4 5 6 7 8 |  8.0
Spellcasting   | 2 3 4 5 6 |  6.6
Armour         | 1 2 3 4 |  4.6
Dodging        | 2 3 |  3.2
Fighting       | 1 |  1.6
Short Blades   | 1 |  1.1
Translocations | 2 3 |  3.5

Action                   |  1- 3 |  4- 6 |  7- 9 || total
-------------------------+-------+-------+-------++-------
Melee: Short sword       |     9 |       |       ||     9
       Dagger            |       |     6 |       ||     6
       Whip              |       |       |     1 ||     1
       Hand axe          |       |       |     2 ||     2
 Cast: Magic Dart        |    44 |    64 |    65 ||   173
       Searing Ray       |    22 |    53 |    69 ||   144
       Iskenderun's Myst |       |       |    15 ||    15
Evoke: Wand              |       |       |     5 ||     5
  Use: Scroll            |       |     7 |     5 ||    12
       Potion            |       |     1 |     5 ||     6
Armor: Leather armour    |     6 |     7 |     7 ||    20
       Steam dragon scal |       |       |    11 ||    11
Dodge: Dodged            |    11 |    16 |    37 ||    64

Levels and vault maps discovered:
D:1:      elethiomel_arrival_quiet, layout_loops_cross,
          shapermc_ecumenical_altar_gd
D:2:      kennysheep_big_flooded_room, layout_basic
D:3:      layout_loops_ring, uniq_grinder
D:4:      layout_loops_ring, trog_hazing_becter, serial_forest,
          infiniplex_forest_lined_3, infiniplex_forest_zigzag_1,
          infiniplex_forest_end_3, infiniplex_forest_clump_small,
          infiniplex_forest_end_2, infiniplex_forest_lined_3,
          infiniplex_forest_straight_4, infiniplex_forest_straight_5,
          infiniplex_forest_clump_small, chequers_ossuary_entry_cave,
          nicolae_shop_gadgets, uniq_menkaure, uniq_robin, uniq_pikel,
          uniq_eustachio
D:5:      cheibrodos_helix_gallery, layout_cave_pools, ebering_ghost_gozag,
          uniq_blork_the_orc
D:6:      layout_cave_pools, minmay_temple_entry_arrows,
          minmay_misc_feat_four_crosses, lightli_orcish_oven
D:7:      layout_basic, nicolae_wu_jian_immortal_techniques,
          mainiacjoe_overflow_alcove_2, enter_bailey_7, hangedman_decor_push,
          uniq_duvessa
Bailey:   bailey_axe_of_yendor_kennysheep, bailey

Notes
Turn   | Place    | Note
-------+----------+-------------------------------------------
     0 | D:1      | mortz the Demigod Conjurer began the quest for the Orb.
     0 | D:1      | Reached XP level 1. HP: 14/14 MP: 5/5
     0 | D:1      | magus.rc [v1.9.6]
   218 | D:1      | Reached skill level 2 in Stealth
   318 | D:1      | Reached XP level 2. HP: 20/20 MP: 2/7
   335 | D:1      | Learned a level 2 spell: Searing Ray
   504 | D:1      | Reached skill level 4 in Conjurations
   931 | D:1      | Reached XP level 3. HP: 26/26 MP: 1/8
  1501 | D:2      | HP: 6/26 [iguana (9)]
  1749 | D:2      | Reached skill level 2 in Spellcasting
  2568 | D:2      | Reached XP level 4. HP: 33/33 MP: 5/9
  3348 | D:3      | Reached skill level 1 in Armour
  3752 | D:3      | Reached skill level 2 in Dodging
  3790 | D:3      | Noticed a water moccasin
  3796 | D:3      | Killed a water moccasin
  3797 | D:3      | Reached XP level 5. HP: 38/38 MP: 2/12
  3920 | D:3      | Noticed Grinder
  3930 | D:3      | Paralysed by Grinder for 6 turns
  3938 | D:3      | Paralysed by Grinder for 6 turns
  3946 | D:3      | Paralysed by Grinder for 3 turns
  4262 | D:3      | You pick up a book of Displacement and begin reading...
  4262 | D:3      | You add the spells Lesser Beckoning, Gell's Gravitas and
                  | Teleport Other to your library.
  4326 | D:4      | Noticed Robin
  4331 | D:4      | Reached skill level 2 in Armour
  4331 | D:4      | Killed Robin
  4344 | D:4      | Reached skill level 5 in Conjurations
  4447 | D:4      | Noticed an ogre
  4453 | D:4      | Killed an ogre
  4454 | D:4      | Reached skill level 3 in Spellcasting
  4454 | D:4      | Reached XP level 6. HP: 45/45 MP: 4/13
  4549 | D:4      | Noticed Menkaure
  4564 | D:4      | Found a sand-covered staircase.
  4571 | Ossuary  | Entered an ossuary
  5217 | Ossuary  | magus.rc [v1.9.6]
  5600 | D:4      | Noticed Eustachio
  5613 | D:4      | Killed Eustachio
  5614 | D:4      | Reached XP level 7. HP: 40/50 MP: 10/16
  5688 | D:4      | Reached skill level 3 in Armour
  5688 | D:4      | Reached skill level 3 in Stealth
  5688 | D:4      | Reached skill level 4 in Spellcasting
  5817 | D:4      | Found Moawk's Gadget Gallery.
  5900 | D:4      | Noticed Pikel
  5910 | D:4      | Killed Pikel
  5911 | D:4      | Reached skill level 1 in Fighting
  5911 | D:4      | Reached skill level 1 in Short Blades
  5911 | D:4      | Reached skill level 6 in Conjurations
  5911 | D:4      | Reached XP level 8. HP: 32/59 MP: 4/18
  5916 | D:4      | Learned a level 4 spell: Iskenderun's Mystic Blast
  6139 | D:4      | Killed Menkaure
  6140 | D:4      | Reached skill level 5 in Spellcasting
  6661 | D:5      | Entered Level 5 of the Dungeon
  6665 | D:5      | Reached skill level 1 in Translocations
  6707 | D:5      | Found a runed translucent gate.
  6710 | D:5      | Found a runed translucent gate.
  7043 | D:5      | Found a runed translucent gate.
  7046 | D:5      | Noticed a troll
  7047 | D:5      | Noticed a two-headed ogre
  7048 | D:5      | Noticed Zeld's ghost (novice GrCj)
  7250 | D:5      | You pick up a book of the Hunter and begin reading...
  7250 | D:5      | You add the spells Call Canine Familiar, Portal Projectile
                  | and Leda's Liquefaction to your library.
  7525 | D:5      | Noticed Blork the orc
  7533 | D:5      | Killed Blork the orc
  7534 | D:5      | Reached skill level 2 in Translocations
  7613 | D:5      | magus.rc [v1.9.6]
  7630 | D:6      | Found a staircase to the Ecumenical Temple.
  7670 | D:6      | Identified the +0 pair of gloves "Xuok" {Rampage}
  7918 | D:6      | HP: 10/59 [scorpion (7)]
  7939 | D:6      | HP: 2/59 [orc priest/divine providence (16)]
  8247 | D:6      | Reached skill level 7 in Conjurations
  8694 | D:6      | Reached skill level 4 in Stealth
  8929 | D:7      | Noticed Dowan
  8940 | D:7      | Noticed Duvessa
  8950 | D:7      | Killed Duvessa
  8951 | D:7      | Reached skill level 4 in Armour
  8951 | D:7      | Reached XP level 9. HP: 64/64 MP: 13/21
  8956 | D:7      | Killed Dowan
  8957 | D:7      | Reached skill level 6 in Spellcasting
  9169 | D:7      | Reached skill level 3 in Dodging
  9386 | D:7      | Found a flagged portal.
  9402 | Bailey   | Entered a bailey
  9541 | Bailey   | Reached skill level 3 in Translocations
  9988 | Bailey   | Noticed a kobold demonologist
  9996 | Bailey   | Killed a kobold demonologist
  9997 | Bailey   | Reached skill level 8 in Conjurations
 10017 | Bailey   | Noticed an orc high priest
 10018 | Bailey   | Noticed an orc knight
 10028 | Bailey   | Noticed a rust devil
 10032 | Bailey   | Noticed a smoke demon
 10047 | Bailey   | HP: 14/66 [orc high priest/divine providence (16)]
 10049 | Bailey   | HP: 3/66 [smoke demon/divine providence[an orc high priest]
                  | (11)]
 10051 | Bailey   | Slain by an orc knight

Vanquished Creatures
  Pikel (D:4)
  A kobold demonologist (Bailey)
  Eustachio (D:4)
  2 steam dragons (D:7)
  Menkaure (D:4)
  A water moccasin (D:3)
  6 orc warriors (Bailey)
  Duvessa (D:7)
  2 ogres
  A centaur (D:5)
  2 lemures (D:4)
  A kobold brigand (D:7)
  A bullfrog (D:7)
  Blork the orc (D:5)
  A scorpion (D:6)
  Dowan (D:7)
  A howler monkey (D:6)
  A bullfrog zombie (D:6)
  A hound (D:4)
  A centaur skeleton (D:6)
  2 jellies
  5 orc priests
  2 iguanas
  6 orc wizards
  A hound zombie (D:5)
  A hound skeleton (D:4)
  8 mummies (Ossuary)
  Robin (D:4)
  4 gnolls
  10 adders
  A shadow imp (D:5)
  A white imp (D:5)
  An adder skeleton (D:4)
  2 worms
  3 dart slugs
  41 orcs
  7 endoplasms
  4 giant cockroaches
  A gnoll zombie (Ossuary)
  23 goblins
  8 hobgoblins
  4 jackals (D:1)
  6 quokkas
  8 ball pythons
  8 bats
  6 frilled lizards
  3 hobgoblin zombies (Ossuary)
  14 kobolds
  3 kobold zombies (Ossuary)
  An orc zombie (Ossuary)
  3 rats
216 creatures vanquished.

Vanquished Creatures (others)
  3 bushes (D:4)
  11 plants (D:4)
  A withered plant (D:1)
15 creatures vanquished.

Grand Total: 231 creatures vanquished

Table legend:
 A = Non-vault XP
 B = Vault XP
 C = Vault XP percentage of total XP
 D = Non-vault monster count
 E = Vault monster count
 F = Vault count percentage of total count
                 A         B        C        D         E       F
            +---------+---------+-------+---------+---------+-------
      Total |    2214 |    2815 |  56.0 |     140 |      74 |  34.6
            +---------+---------+-------+---------+---------+-------
        D:1 |      56 |       0 |   0.0 |      31 |       0 |   0.0
        D:2 |      63 |       3 |   4.5 |      14 |       2 |  12.5
        D:3 |     219 |       0 |   0.0 |      22 |       0 |   0.0
        D:4 |     416 |    1038 |  71.4 |      28 |      17 |  37.8
        D:5 |     351 |     131 |  27.2 |      13 |       3 |  18.8
        D:6 |     565 |      15 |   2.6 |      25 |       5 |  16.7
        D:7 |     544 |     227 |  29.4 |       7 |       6 |  46.2
    Ossuary |       0 |     157 | 100.0 |       0 |      16 | 100.0
     Bailey |       0 |    1244 | 100.0 |       0 |      25 | 100.0
            +---------+---------+-------+---------+---------+-------

Illustrated notes

Table legend:
 A = Kills in this place as a percentage of kills in entire the game.
 B = Kills by you in this place as a percentage of kills by you in the entire game.
 C = Kills by friends in this place as a percentage of kills by friends in the entire game.
 D = Other kills in this place as a percentage of other kills in the entire game.
 E = Experience gained in this place as a percentage of experience gained in the entire game.
 F = Experience gained in this place divided by the number of levels of this place that you have seen.
                   A       B       C       D       E      F
               +-------+-------+-------+-------+-------+----------------------
         Total | 100.0 | 100.0 |   N/A |   N/A | 100.0 | 558.8
       Dungeon |  80.8 |  80.8 |   N/A |   N/A |  72.1 | 518.3
       Ossuary |   7.5 |   7.5 |   N/A |   N/A |   3.1 | 157.0
        Bailey |  11.7 |  11.7 |   N/A |   N/A |  24.7 | 1244.0
               +-------+-------+-------+-------+-------+----------------------

Table legend: (Time is in decaauts)
 A = Elapsed time spent in this place.
 B = Non-inter-level travel time spent in this place.
 C = Inter-level travel time spent in this place.
 D = Time resting spent in this place.
 E = Time spent auto-exploring this place.
 F = Levels seen in this place.
 G = Mean time per level.
                   A        B        C        D        E       F      G
               +--------+--------+--------+--------+--------+-----+--------+
         Total |  10051 |   9821 |    230 |   2319 |   5648 |   9 | 1116.8 |
       Dungeon |   8748 |   8518 |    230 |   1519 |   5583 |   7 | 1249.7 |
       Ossuary |    654 |    654 |      0 |    385 |     65 |   1 |  654.0 |
        Bailey |    648 |    648 |      0 |    415 |      0 |   1 |  648.0 |
               +--------+--------+--------+--------+--------+-----+--------+

Top non-repeatable levels by time:
     D:2: 1656 daAuts
     D:4: 1596 daAuts
     D:1: 1563 daAuts
     D:5: 1315 daAuts
     D:3: 1191 daAuts
     D:6: 875 daAuts
 Ossuary: 654 daAuts
  Bailey: 648 daAuts
     D:7: 548 daAuts
